[Event "Titled Tuesday Blitz August 31 2021"]
[White "Erdogdu, Mert"]
[Black "Iskusnyh, Sergei"]
[WhiteFideId "6301495"]
[BlackFideId "4120027"]
[WhiteElo "2485"]
[BlackElo "2492"]
[Result "0-1"]
[Round "06"]
[TimeControl "180+1"]
[Date "2021.08.31"]
[WhiteClock "0:00:02"]
[BlackClock "0:00:10"]

1. e4 e6 2. d4 d5 3. exd5 exd5 4. c4 Nf6 5. Nc3 Bb4 6. Bd3 O-O 7. Ne2 dxc4 8. Bxc4 Nc6 9. O-O Bf5 10. Bg5 Be7 11. a3 Ne4 12. Bxe7 Qxe7 13. Nxe4 Bxe4 14. Ng3 Bg6 15. d5 Ne5 16. Ba2 Rad8 17. f4 Nd3 18. f5 Qe3+ 19. Kh1 Nf2+ 20. Rxf2 Qxf2 21. fxg6 hxg6 22. Qb3 Rfe8 23. Rf1 Re1 24. Qf3 Rxf1+ 25. Nxf1 Qxb2 26. Bb3 Qf6 27. Kg1 Re8 28. Kf2 Qb6+ 29. Kg3 Qd6+ 30. Kf2 Re5 31. g4 Qxa3 32. d6 Qb2+ 33. Kg3 cxd6 34. Qxf7+ Kh7 35. Qg8+ Kh6 36. h4 Qc3+ 37. Kf2 Qd4+ 38. Kg3 Qc3+ 39. Kg2 Re2+ 40. Kg1 Qd4+ 41. Kh1 Qe4+ 42. Kg1 Qg2# 0-1


[Site "https://www.chess.com"]

[Event "Titled Tuesday Blitz August 31 2021"]
[White "Federzoni, Enzo"]
[Black "Krysa, Leandro"]
[WhiteFideId "2173301"]
[BlackFideId "116807"]
[WhiteElo "1956"]
[BlackElo "2490"]
[Result "0-1"]
[Round "06"]
[TimeControl "180+1"]
[Date "2021.08.31"]
[WhiteClock "0:00:34"]
[BlackClock "0:00:59"]

1. e4 c5 2. Nf3 Nc6 3. Bb5 g6 4. Bxc6 dxc6 5. d3 Bg7 6. Nc3 Qc7 7. h3 b6 8. O-O e5 9. Be3 Nf6 10. Qe2 Nh5 11. Nh2 O-O 12. Rae1 Nf4 13. Bxf4 exf4 14. e5 Re8 15. Nf3 Bf5 16. Qd2 Bxe5 17. Nxe5 Rxe5 18. Qxf4 Rae8 19. Ne4 Bxe4 20. Rxe4 f5 21. Rxe5 Qxe5 22. Qf3 Re6 23. c3 Kg7 24. g3 Qd5 25. Qf4 Re7 26. d4 cxd4 27. cxd4 Qxa2 28. Qd6 Qe6 29. Qb8 Qd7 30. Rd1 g5 31. h4 Re8 0-1


[Site "https://www.chess.com"]

[Event "Titled Tuesday Blitz August 31 2021"]
[White "Fier, Alexandr"]
[Black "Aditya Mittal"]
[WhiteFideId "2107139"]
[BlackFideId "35042025"]
[WhiteElo "2569"]
[BlackElo "2171"]
[Result "1-0"]
[Round "06"]
[TimeControl "180+1"]
[Date "2021.08.31"]
[WhiteClock "0:01:45"]
[BlackClock "0:00:27"]

1. d4 Nf6 2. c4 e6 3. Nf3 d5 4. Nc3 c6 5. Bg5 dxc4 6. e4 b5 7. e5 h6 8. Bh4 g5 9. Nxg5 hxg5 10. Bxg5 Nbd7 11. exf6 Bb7 12. g3 c5 13. d5 Qb6 14. Bg2 O-O-O 15. O-O b4 16. Rb1 Qa6 17. dxe6 Bxg2 18. e7 Bxf1 19. Qd5 Bxe7 20. fxe7 Bd3 21. Ne4 Bxb1 22. Nd6+ Kc7 23. Bf4 Kb6 24. exd8=Q+ Rxd8 25. Nxc4+ Kb5 26. Nd6+ Kb6 27. a4 bxa3 28. Nc4+ Qxc4 29. Qxc4 a2 30. Qa4 Nf6 31. b4 cxb4 32. Qxb4+ Ka6 33. Qa4+ Kb6 34. Be3+ Kb7 35. Qxa7+ Kc8 36. Qa6+ Kc7 37. Bb6+ Kd7 38. Bxd8 1-0


[Site "https://www.chess.com"]

[Event "Titled Tuesday Blitz August 31 2021"]
[White "Firat, Burak"]
[Black "Gallegos Diaz, Carlos Alberto"]
[WhiteFideId "6305881"]
[BlackFideId "3900886"]
[WhiteElo "2531"]
[BlackElo "2362"]
[Result "1-0"]
[Round "06"]
[TimeControl "180+1"]
[Date "2021.08.31"]
[WhiteClock "0:00:17"]
[BlackClock "0:00:02"]

1. d4 Nf6 2. Nf3 d6 3. c4 Nbd7 4. Nc3 e5 5. e4 Be7 6. Be2 O-O 7. O-O exd4 8. Nxd4 Re8 9. Re1 Bf8 10. Bf1 c6 11. f3 h6 12. Be3 Ne5 13. Nc2 Qc7 14. Rc1 Be6 15. b3 Rad8 16. Nd4 Bc8 17. Qd2 a6 18. h3 Qb8 19. Qf2 Ned7 20. Bf4 Qa7 21. Rcd1 Ne5 22. Be3 Qa8 23. Na4 b5 24. Nb6 Qb7 25. Nxc8 Rxc8 26. Nf5 d5 27. exd5 cxd5 28. c5 Qd7 29. g4 Nc6 30. Bf4 Rxe1 31. Rxe1 d4 32. Nd6 Bxd6 33. Bxd6 Nd5 34. Bd3 Ne3 35. Be4 Nb4 36. Qd2 Nc6 37. Kf2 f5 38. gxf5 Nxf5 39. Qf4 Nxd6 40. cxd6 Nb4 41. Bf5 Rf8 42. Be6+ Qxe6 43. Qxf8+ Kxf8 44. Rxe6 Nd3+ 45. Kg3 Nc5 46. Re5 1-0


[Site "https://www.chess.com"]

[Event "Titled Tuesday Blitz August 31 2021"]
[White "Gelman, Alexander"]
[Black "Stelmaszyk, Nico"]
[WhiteFideId "4118316"]
[BlackFideId "16200462"]
[WhiteElo "2375"]
[BlackElo "2119"]
[Result "1/2-1/2"]
[Round "06"]
[TimeControl "180+1"]
[Date "2021.08.31"]
[WhiteClock "0:00:17"]
[BlackClock "0:00:43"]

1. d4 d5 2. Nc3 c5 3. e4 dxe4 4. Nge2 cxd4 5. Qxd4 Qxd4 6. Nxd4 Nf6 7. Ndb5 Na6 8. Bg5 Bd7 9. O-O-O Bc6 10. Nd4 Bd7 11. Bb5 O-O-O 12. Rhe1 Nc5 13. b4 e5 14. Bxf6 gxf6 15. Bxd7+ Nxd7 16. Ndb5 Bxb4 17. Rxe4 Bxc3 18. Nxc3 Nb6 19. Rxd8+ Rxd8 20. Rh4 Kd7 21. Rxh7 Ke6 22. Ne4 Nd7 23. g4 Rc8 24. Rh6 Ke7 25. f3 Rc4 26. h4 Ra4 27. Kb2 Rd4 28. Kc1 Ra4 29. Kb2 Rd4 30. Kc1 Ra4 1/2-1/2


[Site "https://www.chess.com"]

[Event "Titled Tuesday Blitz August 31 2021"]
[White "Goltsev, Dmitry"]
[Black "Timofeev, Artyom"]
[WhiteFideId "24176710"]
[BlackFideId "4140419"]
[WhiteElo "2369"]
[BlackElo "2582"]
[Result "1/2-1/2"]
[Round "06"]
[TimeControl "180+1"]
[Date "2021.08.31"]
[WhiteClock "0:01:00"]
[BlackClock "0:01:16"]

1. e4 c5 2. Nf3 Nc6 3. d4 cxd4 4. Nxd4 g6 5. Nc3 Bg7 6. Be3 Nf6 7. Nxc6 dxc6 8. Qxd8+ Kxd8 9. O-O-O Nd7 10. Bc4 Rf8 11. h3 Kc7 12. a4 Nb6 13. Bb3 Be6 14. Bxe6 fxe6 15. Ne2 Nxa4 16. c3 e5 17. b3 Nb6 18. c4 Nd7 19. Kc2 e6 20. h4 h5 21. Rh3 Rf6 22. Rg3 Bf8 23. Ng1 Nc5 24. f3 a5 25. Ra1 a4 26. bxa4 Rxa4 27. Rxa4 Nxa4 28. Ne2 Nc5 29. Bg5 Rf7 30. Be3 Rf6 31. Bg5 Rf7 32. Be3 Rf6 1/2-1/2


[Site "https://www.chess.com"]

[Event "Titled Tuesday Blitz August 31 2021"]
[White "Gutenev, Alexander"]
[Black "Visakh N R"]
[WhiteFideId "4195540"]
[BlackFideId "25012223"]
[WhiteElo "2432"]
[BlackElo "2428"]
[Result "0-1"]
[Round "06"]
[TimeControl "180+1"]
[Date "2021.08.31"]
[WhiteClock "0:00:26"]
[BlackClock "0:01:02"]

1. e4 e5 2. Nf3 Nc6 3. Bb5 Nf6 4. O-O Nxe4 5. Re1 Nd6 6. Nxe5 Nxe5 7. Rxe5+ Be7 8. Bf1 O-O 9. d4 Bf6 10. Re1 Nf5 11. d5 d6 12. Nd2 g6 13. Ne4 Bg7 14. c3 Bd7 15. Bg5 f6 16. Bd2 Re8 17. Qb3 b5 18. h3 Qb8 19. Bd3 Qb7 20. a4 a6 21. axb5 axb5 22. Bc2 Rxa1 23. Rxa1 Ne7 24. c4 Rb8 25. Bc3 bxc4 26. Qxc4 Rf8 27. Rd1 Nf5 28. Qd3 Bb5 29. Qf3 Bc4 30. Kh2 Qb5 31. g4 Be2 32. Qf4 Bh6 33. g5 fxg5 34. Nxg5 Bxd1 35. Bxd1 Qf1 36. Bg4 Ng7 37. Bf6 Bxg5 38. Qxg5 Qxf2+ 39. Kh1 Qf1+ 40. Kh2 Qxf6 0-1


[Site "https://www.chess.com"]

[Event "Titled Tuesday Blitz August 31 2021"]
[White "Harshavardhan G B"]
[Black "Richter, Nils"]
[WhiteFideId "25059009"]
[BlackFideId "12990809"]
[WhiteElo "1825"]
[BlackElo "2289"]
[Result "0-1"]
[Round "06"]
[TimeControl "180+1"]
[Date "2021.08.31"]
[WhiteClock "0:00:22"]
[BlackClock "0:00:12"]

1. b3 a5 2. Bb2 a4 3. Nf3 e6 4. d4 a3 5. Bc1 Nf6 6. c4 Bb4+ 7. Nbd2 d5 8. e3 O-O 9. Bd3 c5 10. O-O cxd4 11. exd4 Nc6 12. Rb1 Bc3 13. cxd5 Qxd5 14. Nc4 Bxd4 15. Nxd4 Qxd4 16. Bxa3 Rd8 17. Be2 b5 18. Bf3 bxc4 19. Qxd4 Rxd4 20. Bb2 Rd6 21. Be5 Nxe5 22. Bxa8 Ra6 23. Bf3 Nxf3+ 24. gxf3 c3 25. Rbc1 Rxa2 26. Rxc3 Ba6 27. Rfc1 h6 28. b4 Nd5 29. Rb3 Bb5 30. Rc5 Ba4 31. Rb1 Bc2 32. Rc1 Nxb4 33. Rc4 Rb2 34. Ra1 Bf5 35. Ra8+ Kh7 36. Rb8 Rb1+ 37. Kg2 Nd5 38. Rxb1 Bxb1 39. Kg3 Bf5 40. Ra4 Kg6 41. Ra7 Kf6 42. f4 Nc3 43. Kf3 Bg6 44. Kg3 Nd5 45. Kf3 Kf5 46. Ra4 Bh5+ 47. Kg3 Be2 48. Rd4 g5 49. fxg5 hxg5 50. h4 gxh4+ 51. Rxh4 Ke5 52. Ra4 Bd3 53. f4+ Kf5 54. Ra5 Be4 55. Rb5 Bd3 56. Ra5 f6 57. Rc5 Ke4 58. Ra5 Nxf4 59. Ra4+ Ke5 60. Rxf4 Bf5 61. Ra4 Bg6 62. Kf3 f5 63. Ra5+ Kf6 64. Kf4 Bf7 65. Ra6 Bg6 66. Rb6 Bf7 67. Ke3 Bg6 68. Kd4 Bf7 69. Ra6 Bg6 70. Ra1 f4 71. Rh1 e5+ 72. Kd5 Kf5 73. Rh8 Bf7+ 74. Kd6 e4 75. Rf8 Kf6 76. Ra8 e3 77. Ra4 Kf5 78. Ra5+ Kg4 79. Ke5 e2 0-1


[Site "https://www.chess.com"]

[Event "Titled Tuesday Blitz August 31 2021"]
[White "Harutjunyan, Gevorg"]
[Black "Petriashvili, Nikoloz"]
[WhiteFideId "13300873"]
[BlackFideId "13611216"]
[WhiteElo "2498"]
[BlackElo "2430"]
[Result "1-0"]
[Round "06"]
[TimeControl "180+1"]
[Date "2021.08.31"]
[WhiteClock "0:01:11"]
[BlackClock "0:00:38"]

1. e4 c6 2. Nf3 d5 3. d3 Qc7 4. Nc3 dxe4 5. dxe4 e5 6. Bc4 Be7 7. Ng5 Bxg5 8. Bxg5 h6 9. Be3 Nf6 10. Bc5 Qd7 11. Bd6 Qg4 12. Qxg4 Nxg4 13. h3 Nf6 14. Bxe5 Nbd7 15. Bd6 Nb6 16. Bb3 Be6 17. Bxe6 fxe6 18. O-O-O O-O-O 19. e5 Nfd5 20. Ne4 Nc4 21. b3 Ncb6 22. c4 Nc7 23. Nc5 Rde8 24. Bxc7 Kxc7 25. Rd6 Nc8 26. Rxe6 Ref8 27. Rg6 Rxf2 28. Rxg7+ Kb6 29. b4 1-0


[Site "https://www.chess.com"]

[Event "Titled Tuesday Blitz August 31 2021"]
[White "Holt, Conrad"]
[Black "Wong, Yinn Long"]
[WhiteFideId "2034387"]
[BlackFideId "5707684"]
[WhiteElo "2586"]
[BlackElo "2016"]
[Result "1-0"]
[Round "06"]
[TimeControl "180+1"]
[Date "2021.08.31"]
[WhiteClock "0:01:46"]
[BlackClock "0:01:15"]

1. d4 Nf6 2. c4 e6 3. Nc3 Bb4 4. Qc2 Nc6 5. Nf3 d6 6. Bd2 O-O 7. a3 Bxc3 8. Bxc3 Qe7 9. b4 e5 10. d5 Nb8 11. e4 Nh5 12. g3 f5 13. Bg2 fxe4 14. Qxe4 Bf5 15. Qe3 Nd7 16. O-O Rae8 17. Nh4 Nb6 18. Nxf5 Rxf5 19. g4 Nf4 20. gxf5 Qg5 21. Qe4 Nxc4 22. Kh1 Nb6 23. Rg1 Nbxd5 24. Qxd5+ 1-0


[Site "https://www.chess.com"]

[Event "Titled Tuesday Blitz August 31 2021"]
[White "Ibrahimli, Murad"]
[Black "stanyga"]
[WhiteFideId "13410229"]
[WhiteElo "2109"]
[BlackElo "2691"]
[Result "0-1"]
[Round "06"]
[TimeControl "180+1"]
[Date "2021.08.31"]
[WhiteClock "0:00:07"]
[BlackClock "0:00:04"]

1. d4 d5 2. c4 c6 3. Nc3 Nf6 4. Nf3 e6 5. Bg5 Nbd7 6. e3 h6 7. Bh4 Bd6 8. Bd3 dxc4 9. Bxc4 Qc7 10. Rc1 O-O 11. O-O a6 12. Bd3 Re8 13. Qc2 b5 14. Ne4 Nxe4 15. Bxe4 Bb7 16. Bxc6 Rac8 17. d5 exd5 18. Bxd7 Qxd7 19. Qd3 Re4 20. Bg3 Rec4 21. Rxc4 Rxc4 22. Bxd6 Qxd6 23. Nd4 Bc8 24. b3 Rc7 25. Qd2 Be6 26. f4 Qc5 27. f5 Bd7 28. f6 g6 29. Qf2 Kh7 30. Qf4 Rc8 31. h4 Re8 32. h5 g5 33. Qg3 Qc3 34. Re1 Re4 35. Qf2 Bg4 36. Kh2 Bxh5 37. Rf1 Bg6 38. Re1 Rh4+ 39. Kg1 Re4 40. Nf3 d4 41. Nxd4 Qc7 42. Nf3 Qd6 43. Nd4 Qe5 44. Rf1 Rxe3 45. Nf3 Qe6 46. Qd2 Re2 47. Qd4 Qe3+ 48. Qxe3 Rxe3 49. Rc1 Re6 50. Rc7 Rxf6 51. Ne5 Kg7 52. Ra7 Re6 53. Nd7 Bb1 54. Nc5 Rc6 55. b4 Bxa2 56. Nxa6 Bc4 57. Nc5 Rd6 58. Kf2 Kg6 59. Ke3 f5 60. Rb7 f4+ 61. Kf2 Kf5 62. Rh7 Kg4 63. Ne4 Re6 64. Nc5 Re2+ 65. Kg1 Kg3 0-1


[Site "https://www.chess.com"]

[Event "Titled Tuesday Blitz August 31 2021"]
[White "Indjic, Aleksandar"]
[Black "Shkapenko, Pavel"]
[WhiteFideId "911925"]
[BlackFideId "4151933"]
[WhiteElo "2643"]
[BlackElo "2386"]
[Result "1-0"]
[Round "06"]
[TimeControl "180+1"]
[Date "2021.08.31"]
[WhiteClock "0:01:52"]
[BlackClock "0:00:11"]

1. d4 Nf6 2. Nf3 e6 3. Bg5 c5 4. e3 cxd4 5. e4 h6 6. Bxf6 Qxf6 7. Qxd4 Nc6 8. Qxf6 gxf6 9. c3 b6 10. Nbd2 Bb7 11. O-O-O Bc5 12. Nc4 O-O-O 13. Nd6+ Bxd6 14. Rxd6 Ne5 15. Nxe5 fxe5 16. f3 Kc7 17. Rd2 d5 18. Bd3 f5 19. exf5 e4 20. fxe4 dxe4 21. Be2 exf5 22. Rxd8 Rxd8 23. g3 Kd6 24. Rd1+ Ke7 25. Rxd8 Kxd8 26. Kd2 Ke7 27. Ke3 Kf6 28. Kf4 Bd5 29. a3 Bc6 30. g4 fxg4 31. Bxg4 e3 32. Kxe3 Ke5 33. c4 Ba4 34. b4 Bc2 35. Bf3 Bb3 36. Kd3 Ba2 37. Bb7 Bb1+ 38. Kc3 Bf5 39. c5 bxc5 40. bxc5 Be6 41. Kb4 Bf5 42. Kb5 Bd3+ 43. Kc6 Kd4 44. Kd6 Bf5 45. c6 Kc4 46. c7 Kc3 47. Bc6 Bc8 48. Bd7 Bb7 49. h4 a5 50. a4 Kb4 51. h5 Ba6 52. c8=Q Bxc8 53. Bxc8 Kxa4 54. Ke6 Kb4 55. Kf6 a4 56. Kg6 a3 57. Be6 1-0


[Site "https://www.chess.com"]

[Event "Titled Tuesday Blitz August 31 2021"]
[White "Jarovinsky, Alexey"]
[Black "deribas12345"]
[WhiteFideId "14115131"]
[WhiteElo "2446"]
[BlackElo "2590"]
[Result "1-0"]
[Round "06"]
[TimeControl "180+1"]
[Date "2021.08.31"]
[WhiteClock "0:00:22"]
[BlackClock "0:00:01"]

1. Nc3 e6 2. e4 d5 3. g3 d4 4. Nce2 e5 5. d3 Nf6 6. f4 exf4 7. Nxf4 Bb4+ 8. Bd2 Bxd2+ 9. Qxd2 O-O 10. h3 Nc6 11. Nf3 Nd7 12. Bg2 Nde5 13. O-O f6 14. c3 Nxf3+ 15. Rxf3 Ne5 16. Rf2 c5 17. cxd4 Qxd4 18. Qc3 Qe3 19. g4 Bxg4 20. Nd5 Qg3 21. hxg4 Nxg4 22. Rf3 Qh2+ 23. Kf1 Rad8 24. Qxc5 Kh8 25. Rc1 Qe5 26. Rf5 Qxb2 27. Rf4 Ne5 28. Qc2 Qd4 29. Qc3 Rxd5 30. exd5 Qxf4+ 31. Kg1 Qg3 32. d4 Qxc3 33. Rxc3 Nf7 34. Rc7 Kg8 35. Rxb7 Rd8 36. Rxa7 Nd6 37. a4 h5 38. a5 g5 39. a6 g4 40. Rc7 Nb5 41. Rb7 Nd6 42. Rb6 Kf7 43. a7 Ke7 44. Rb8 Rd7 45. a8=Q 1-0


[Site "https://www.chess.com"]

[Event "Titled Tuesday Blitz August 31 2021"]
[White "Karthikeyan, Murali"]
[Black "Vachier-Lagrave, Maxime"]
[WhiteFideId "5074452"]
[BlackFideId "623539"]
[WhiteElo "2564"]
[BlackElo "2850"]
[Result "0-1"]
[Round "06"]
[TimeControl "180+1"]
[Date "2021.08.31"]
[WhiteClock "0:00:03"]
[BlackClock "0:01:09"]

1. Nf3 g6 2. e4 c5 3. d4 cxd4 4. Qxd4 Nf6 5. Nc3 Nc6 6. Qa4 d6 7. e5 dxe5 8. Nxe5 Bd7 9. Nxd7 Qxd7 10. Be3 Bg7 11. Rd1 Qg4 12. h3 Qxa4 13. Nxa4 O-O 14. c3 b6 15. Ba6 Rad8 16. Ke2 Nd5 17. Bc1 Nc7 18. Bb7 Na5 19. Be4 f5 20. Bc2 Kf7 21. b4 Nc6 22. Bb3+ e6 23. a3 Bf6 24. Rd3 Rxd3 25. Kxd3 Rd8+ 26. Kc2 Nb5 27. Bb2 Nd6 28. Rd1 Ne5 29. c4 Ndxc4 30. Rxd8 Bxd8 31. Bc1 Nd6 32. Nb2 Nc6 33. Be3 Nb5 34. Ba4 Nxa3+ 35. Kb3 b5 36. Kxa3 bxa4 37. b5 Ne7 38. Bxa7 Nc8 39. Bc5 Ke8 40. Kxa4 Kd7 41. Nc4 Bc7 42. b6 Kc6 0-1


[Site "https://www.chess.com"]

[Event "Titled Tuesday Blitz August 31 2021"]
[White "Khanin, Semen"]
[Black "Mukhutdinov, Tigran"]
[WhiteFideId "4111990"]
[BlackFideId "34108570"]
[WhiteElo "2521"]
[BlackElo "2154"]
[Result "1-0"]
[Round "06"]
[TimeControl "180+1"]
[Date "2021.08.31"]
[WhiteClock "0:01:12"]
[BlackClock "0:00:28"]

1. e4 c5 2. c3 Nf6 3. e5 Nd5 4. Bc4 Nb6 5. Bb3 c4 6. Bc2 d6 7. exd6 Qxd6 8. Nf3 Nc6 9. O-O Bg4 10. Re1 O-O-O 11. b3 Qf6 12. Na3 Nd5 13. Qe2 Bxf3 14. Qxf3 Qxf3 15. gxf3 cxb3 16. axb3 e6 17. Nc4 Kb8 18. b4 b6 19. b5 Na5 20. Nxa5 bxa5 21. Rxa5 Bc5 22. Ra4 Bb6 23. c4 Nf4 24. c5 Bc7 25. b6 axb6 26. cxb6 Bd6 27. Be4 Nd5 28. Bxd5 exd5 29. Bb2 f6 30. Ra7 Rhg8 31. Bd4 Bb4 32. Rb1 Bxd2 33. b7 Rde8 34. Ra8+ Kc7 35. Rxe8 Rxe8 36. Ba7 Rb8 37. Bxb8+ Kxb8 38. Kf1 Bf4 39. h3 d4 40. Ke2 h5 41. Kd3 Be5 42. f4 Bxf4 43. Kxd4 Be5+ 44. Kd5 g5 45. Kc6 h4 46. Rb5 g4 47. Ra5 1-0


[Site "https://www.chess.com"]

[Event "Titled Tuesday Blitz August 31 2021"]
[White "Khusnutdinov, Rustam"]
[Black "Sadovsky, Artem"]
[WhiteFideId "13701703"]
[BlackFideId "4155840"]
[WhiteElo "2571"]
[BlackElo "2442"]
[Result "1-0"]
[Round "06"]
[TimeControl "180+1"]
[Date "2021.08.31"]
[WhiteClock "0:01:38"]
[BlackClock "0:01:02"]

1. d4 g6 2. c4 Bg7 3. Nc3 d6 4. e4 e5 5. dxe5 dxe5 6. Qxd8+ Kxd8 7. Bg5+ f6 8. O-O-O Nd7 9. Be3 h6 10. c5 c6 11. Nf3 Kc7 12. Nd2 Bf8 13. b4 a5 14. a3 axb4 15. axb4 Ra1+ 16. Ndb1 h5 17. Kb2 Ra8 18. Na3 Bh6 19. Bxh6 Nxh6 20. Nc4 Nf7 21. Nd6 Nxd6 22. Rxd6 b6 23. b5 bxc5 24. Rxc6+ Kb8 25. Bc4 Ra7 26. Rd1 Rc7 27. Rcd6 Rb7 28. Bd5 Rb6 29. Bc6 Kc7 30. Rxd7+ Bxd7 31. Rxd7+ Kc8 32. Nd5 1-0


[Site "https://www.chess.com"]

[Event "Titled Tuesday Blitz August 31 2021"]
[White "Kobalia, Mikhail"]
[Black "Viani Antonio Dcunha"]
[WhiteFideId "4119150"]
[BlackFideId "5027330"]
[WhiteElo "2569"]
[BlackElo "2366"]
[Result "1-0"]
[Round "06"]
[TimeControl "180+1"]
[Date "2021.08.31"]
[WhiteClock "0:00:15"]
[BlackClock "0:00:07"]

1. Nf3 Nf6 2. g3 Nc6 3. Bg2 e5 4. d3 d5 5. Nbd2 Bc5 6. O-O e4 7. Nh4 e3 8. fxe3 Bxe3+ 9. Kh1 Ng4 10. Qe1 Nd4 11. Nb3 Nxc2 12. Qc3 Nxa1 13. Qxg7 Rf8 14. Nxa1 Bxc1 15. Rxc1 Qf6 16. Qxf6 Nxf6 17. Rxc7 Kd8 18. Rc1 Be6 19. Nb3 Rc8 20. Rf1 Ng4 21. Nd4 Kd7 22. Nhf5 h5 23. h3 Ne5 24. Ng7 Rh8 25. Kh2 Rcg8 26. Ngf5 Rc8 27. Ne3 Nc6 28. Nb3 d4 29. Nc5+ Ke7 30. Nf5+ Bxf5 31. Rxf5 h4 32. gxh4 Rxh4 33. Nxb7 Rh6 34. Nc5 Rf6 35. Rxf6 Kxf6 36. a3 Ne5 37. b4 Kf5 38. Kg3 Rg8+ 39. Kf2 Kf4 40. Nb3 Rd8 41. Na5 Rc8 42. Nb3 Rd8 43. b5 Ng6 44. a4 Ne7 45. a5 Nc8 46. Bf3 Ke5 47. Nc5 Nd6 48. Bc6 Kf4 49. Nb7 Nxb7 50. Bxb7 Rb8 51. a6 1-0


[Site "https://www.chess.com"]

[Event "Titled Tuesday Blitz August 31 2021"]
[White "Kollars, Dmitrij"]
[Black "Grachev, Boris"]
[WhiteFideId "12909572"]
[BlackFideId "4129199"]
[WhiteElo "2576"]
[BlackElo "2580"]
[Result "1-0"]
[Round "06"]
[TimeControl "180+1"]
[Date "2021.08.31"]
[WhiteClock "0:00:08"]
[BlackClock "0:00:01"]

1. d4 d5 2. Nf3 Nf6 3. c3 Bf5 4. Nh4 Be4 5. f3 Bxb1 6. Rxb1 e6 7. g3 c5 8. Qb3 cxd4 9. cxd4 Nc6 10. e3 Qb6 11. Qxb6 axb6 12. a3 g5 13. Ng2 g4 14. fxg4 Nxg4 15. Nf4 Bh6 16. Bd3 Bxf4 17. gxf4 f5 18. Ke2 Nf6 19. Bd2 Kf7 20. Rhg1 Rhg8 21. Rg3 Ne4 22. Bxe4 dxe4 23. Rc1 Rg6 24. Rc3 Rh6 25. h3 Rg6 26. Kf2 Ke7 27. Rb3 Ra6 28. Rg5 Kd7 29. Bb4 Ra8 30. d5 Nxb4 31. dxe6+ Kxe6 32. Rxb4 Rxg5 33. Rxb6+ Kd5 34. fxg5 Rc8 35. Rb5+ Ke6 36. Rb6+ Ke5 37. Rxb7 Rc2+ 38. Kg3 Re2 39. Rb5+ Ke6 40. Rb3 Re1 41. a4 Rg1+ 42. Kf2 Ra1 43. Ra3 Rb1 44. Ra2 Kd6 45. a5 Kc7 46. a6 Kb8 47. h4 Ka7 48. h5 Rh1 49. h6 Rh3 50. Ra5 Rf3+ 51. Ke2 Rg3 52. Rxf5 Rg2+ 53. Kf1 Rxb2 54. Rf7+ Kxa6 55. Rxh7 Kb5 56. Rg7 Kc4 57. h7 Rh2 58. Kg1 Rh5 59. g6 Kd3 60. Rg8 Rg5+ 61. Kh2 Kxe3 62. h8=Q Rf5 63. Qh6+ Ke2 64. Rf8 Rf3 65. Qh5 1-0


[Site "https://www.chess.com"]

[Event "Titled Tuesday Blitz August 31 2021"]
[White "Krzywda, Andrzej"]
[Black "Bilan, Danila"]
[WhiteFideId "1114565"]
[BlackFideId "24161918"]
[WhiteElo "2100"]
[BlackElo "2164"]
[Result "0-1"]
[Round "06"]
[TimeControl "180+1"]
[Date "2021.08.31"]
[WhiteClock "0:00:08"]
[BlackClock "0:00:08"]

1. e4 c6 2. d4 d5 3. exd5 cxd5 4. Bd3 Nc6 5. c3 Qc7 6. Ne2 Bg4 7. O-O e6 8. Qe1 Bxe2 9. Qxe2 Bd6 10. g3 Nge7 11. Nd2 h5 12. Nf3 O-O-O 13. Bg5 Rde8 14. Kg2 Nf5 15. Rfe1 Qd7 16. b4 f6 17. Bd2 h4 18. a4 hxg3 19. hxg3 e5 20. Bxf5 Qxf5 21. Rh1 exd4 22. Rxh8 Rxh8 23. Nh4 Qd7 24. b5 Ne5 25. cxd4 Nc4 26. Rc1 g5 27. Rh1 gxh4 28. gxh4 Qf5 29. Be3 Qe4+ 30. Qf3 Rg8+ 0-1


[Site "https://www.chess.com"]

[Event "Titled Tuesday Blitz August 31 2021"]
[White "LEGENYA1998"]
[Black "Farahat, Ali"]
[BlackFideId "10600507"]
[WhiteElo "2426"]
[BlackElo "2321"]
[Result "0-1"]
[Round "06"]
[TimeControl "180+1"]
[Date "2021.08.31"]
[WhiteClock "0:00:57"]
[BlackClock "0:01:44"]

1. e4 e5 2. Bc4 Nf6 3. d3 Nc6 4. Nc3 Bc5 5. Nf3 O-O 6. h3 h6 7. a3 d6 8. O-O Be6 9. b4 Bb6 10. Bb2 a5 11. b5 Nd4 12. Nd5 Nxf3+ 13. Qxf3 Nxd5 14. Bxd5 Bxd5 15. exd5 f5 16. a4 Qh4 17. Rfd1 Rae8 18. d4 e4 19. Qe2 f4 20. Qg4 Qf6 21. c4 e3 22. fxe3 Rxe3 23. Rac1 f3 24. gxf3 Rxf3 25. Rf1 Rxf1+ 26. Rxf1 Qxf1+ 0-1


[Site "https://www.chess.com"]

[Event "Titled Tuesday Blitz August 31 2021"]
[White "Le, Tuan Minh"]
[Black "Kamsky, Gata"]
[WhiteFideId "12401153"]
[BlackFideId "2000024"]
[WhiteElo "2450"]
[BlackElo "2644"]
[Result "1-0"]
[Round "06"]
[TimeControl "180+1"]
[Date "2021.08.31"]
[WhiteClock "0:00:14"]
[BlackClock "0:00:12"]

1. d4 d5 2. Nf3 Nf6 3. Bf4 c5 4. c3 cxd4 5. cxd4 e6 6. Nc3 Bd6 7. Bg3 Nc6 8. e3 Bxg3 9. hxg3 Qd6 10. Bd3 h6 11. O-O O-O 12. Qb3 Bd7 13. Rac1 Rfc8 14. Qxb7 Rab8 15. Qa6 Rxb2 16. Ne5 Rb6 17. Nb5 Qb8 18. Nxd7 Nxd7 19. Qa4 a6 20. Nc3 Qa7 21. Ne2 Nf6 22. Rc3 Ne7 23. Rfc1 Rxc3 24. Rxc3 g5 25. f3 Qb8 26. Kf2 h5 27. Rb3 Rxb3 28. axb3 h4 29. gxh4 gxh4 30. Nf4 a5 31. Qxa5 Kg7 32. Qc5 Nc8 33. b4 Nd7 34. Qc6 Nf8 35. b5 Nb6 36. Qc5 Qa7 37. Be2 Qb8 38. Qe7 Ng6 39. Qg5 Nd7 40. Nxg6 Qg3+ 41. Qxg3 hxg3+ 42. Kxg3 Kxg6 43. Kf4 Kf6 44. e4 dxe4 45. fxe4 e5+ 46. Ke3 Nb6 47. Bg4 Kg5 48. Bf5 f6 49. Kd3 Kh6 50. d5 Kg7 51. d6 Kf8 52. Kc3 Ke8 53. Kb4 Kd8 54. Kc5 Na4+ 55. Kc6 1-0


[Site "https://www.chess.com"]

[Event "Titled Tuesday Blitz August 31 2021"]
[White "Leenhouts, Koen"]
[Black "Assaubayeva, Bibisara"]
[WhiteFideId "1008439"]
[BlackFideId "13708694"]
[WhiteElo "2409"]
[BlackElo "2232"]
[Result "1-0"]
[Round "06"]
[TimeControl "180+1"]
[Date "2021.08.31"]
[WhiteClock "0:00:32"]
[BlackClock "0:00:34"]

1. d4 Nf6 2. c4 g6 3. Nc3 Bg7 4. e4 O-O 5. f3 d6 6. Be3 c5 7. Nge2 Nc6 8. d5 Ne5 9. Ng3 e6 10. Qd2 exd5 11. cxd5 a6 12. a4 h5 13. Bg5 Qb6 14. Be2 Nh7 15. Be3 h4 16. Nf1 f5 17. a5 Qc7 18. Bh6 Nf6 19. Bxg7 Qxg7 20. exf5 gxf5 21. Ne3 f4 22. Nc4 Nxc4 23. Bxc4 Re8+ 24. Ne2 Qxg2 25. O-O-O Qxf3 26. Rhg1+ Kf7 27. Rdf1 Qe3 28. Rxf4 Qxd2+ 29. Kxd2 Re4 30. Bd3 Rxf4 31. Nxf4 Bd7 32. Bg6+ Kf8 33. Rf1 Kg7 34. Rg1 Ng4 35. Bh5 Kh6 36. Bxg4 Rg8 37. h3 Bxg4 38. hxg4 Rf8 39. g5+ Kh7 40. g6+ Kh6 41. g7 Rg8 42. Ne6 1-0


[Site "https://www.chess.com"]

[Event "Titled Tuesday Blitz August 31 2021"]
[White "Ljukin, Sergei"]
[Black "Karttunen, Mika"]
[WhiteFideId "14102200"]
[BlackFideId "502081"]
[WhiteElo "2309"]
[BlackElo "2343"]
[Result "0-1"]
[Round "06"]
[TimeControl "180+1"]
[Date "2021.08.31"]
[WhiteClock "0:00:20"]
[BlackClock "0:00:20"]

1. e4 c5 2. Nf3 d6 3. d4 cxd4 4. Nxd4 Nf6 5. Nc3 a6 6. Bg5 e6 7. f4 Qb6 8. Qd3 h6 9. Bxf6 gxf6 10. O-O-O Nc6 11. Nb3 h5 12. Be2 Bd7 13. Qh3 h4 14. g4 O-O-O 15. Kb1 Kb8 16. Qf3 Be7 17. h3 Ka8 18. Rhe1 Rc8 19. Bf1 Rc7 20. Nd5 exd5 21. exd5 Ne5 22. fxe5 fxe5 23. Bd3 f6 24. c4 Ba4 25. Bf1 Rhc8 26. Rc1 Qb4 27. Red1 Bf8 28. Rc3 Bg7 29. Qf5 Bd7 30. Qe4 Rf8 31. Rf3 Bc8 32. Bd3 Rcf7 33. Rdf1 f5 34. gxf5 Bf6 35. Qe2 e4 36. Bxe4 Re7 37. Qd3 Rfe8 38. Rf4 Kb8 39. Rg4 a5 40. a3 Qb6 41. Rd1 a4 42. Nd4 Rxe4 43. Rxe4 Rxe4 44. Qxe4 Bxf5 45. Qxf5 Bxd4 46. Qc2 Be5 47. c5 dxc5 48. d6 Bd4 49. d7 Kc7 50. Qf5 Qxb2# 0-1


[Site "https://www.chess.com"]